 Dungeon Crawl Stone Soup version 0.20.1-1-g8b1a95d (webtiles) character file.

176 rrRat the Skirmisher (level 5, -2/47 HPs)
             Began as a Draconian Berserker on Nov 7, 2017.
             Was a Priest of Trog.
             Slain by an orc priest
             ... wielding a +0 falchion
              (3 damage)
             ... on level 3 of the Dungeon on Nov 8, 2017.
             The game lasted 00:11:15 (2090 turns).

rrRat the Skirmisher (Draconian Berserker)          Turns: 2090, Time: 00:11:17

Health: -2/47      AC:  6    Str: 21    XL:     5   Next: 30%
Magic:  5/5        EV: 10    Int:  7    God:    Trog [***...]
Gold:   118        SH:  8    Dex: 12    Spells: 4/4 levels left

rFire    . . .     SeeInvis .   h - +1 mace (venom)
rCold    . . .     Gourm    .   p - +0 shield
rNeg     . . .     Faith    .   (armour unavailable)
rPois    .         Spirit   .   (helmet restricted)
rElec    .         Reflect  .   a - +0 cloak
rCorr    .         Harm     .   (no gloves)
MR       .....                  (no boots)
Stlth    ++........             (no amulet)
Regen    0.2/turn               (no ring)
MPRegen  0.1/turn               (no ring)

@: no status effects
A: unfitting armour, agile 1, high mp 1, cold-blooded, subdued magic 1, AC +5
a: Berserk, Trog's Hand, Burn Spellbooks, Renounce Religion


You were on level 3 of the Dungeon.
You worshipped Trog.
Trog was most pleased with you.
You were not hungry.

You visited 1 branch of the dungeon, and saw 3 of its levels.

You collected 118 gold pieces.

Inventory:

Hand Weapons
 h - a +1 mace of venom (weapon)
 q - a +3 mace
Armour
 a - a +0 cloak (worn)
 p - a +0 shield (worn)
Wands
 n - a wand of paralysis (12/24)
Scrolls
 e - a scroll of magic mapping {unknown}
 f - a scroll of remove curse {unknown}
 j - a scroll of teleportation {unknown}
 k - a scroll of recharging {unknown}
 m - a scroll of immolation {unknown}
 o - a scroll of noise {unknown}
Potions
 d - a potion of ambrosia
 g - 3 potions of heal wounds
 i - 3 potions of curing
 l - a potion of berserk rage {unknown}
 r - a potion of flight {unknown}
Comestibles
 b - 3 bread rations
 c - 3 royal jellies


   Skills:
 * Level 4.3 Fighting
 * Level 3.9 Maces & Flails
 + Level 3.7 Dodging
 * Level 1.6 Stealth
 * Level 1.2 Shields


You had 4 spell levels left.
You didn't know any spells.

Dungeon Overview and Level Annotations

Branches:
Dungeon (3/15)

Altars:
Fedhas
Okawaru


Innate Abilities, Weirdness & Mutations

Your plain brown scales are hard. (AC +5)
You cannot fit into any form of body armour.
You are cold-blooded and may be slowed by cold attacks.
You are agile. (Dex +2)
You have an increased reservoir of magic. (+10% MP)
Your spells are a little easier to cast, but a little less powerful.


Message History

You hit the orc.
You kill the orc!
Trog accepts your kill.
You closely miss the orc priest.
The orc priest casts a cantrip, but nothing happens.
You barely miss the orc priest.
The orc priest hits you but does no damage.
You hit the orc priest.
Your tail-slap misses the orc priest.
The orc priest is lightly wounded.
The orc priest closely misses you.
You barely miss the orc priest.
The orc priest is lightly wounded.
You block the orc priest's attack.
You completely miss the orc priest.
The orc priest is lightly wounded.
The orc priest calls down the wrath of Beogh upon you.
Beogh smites you!
* * * LOW HITPOINT WARNING * * *
The orc priest hits you with a falchion.
You die...

....... ..## .......
..####### .......
###.##....### .......
#....#...... .......
#....#.<..# .......
#....#....#
...$...##....#..).### ..
........)....)......#....##
........##@######.#.#.# ..#
........##o# ###.....# #..
........)).####...#...###..
.......)#)............#....
............####.####......
......#.....##.....##†#...#
......#.....#.......#...#..
..........#.#.......#..###.
#.###.....#....._..........


You could see an orc priest.

Vanquished Creatures
  Crazy Yiuf (D:2)
  2 orc priests (D:3)
  An adder (D:2)
  An ooze (D:1)
  A worm (D:2)
  2 dart slugs (D:1)
  A leopard gecko (D:1)
  11 orcs (D:3)
  3 ball pythons
  3 giant cockroaches
  6 hobgoblins
  2 jackals (D:3)
  A quokka (D:2)
  6 bats
  7 frilled lizards
  3 goblins
  3 kobolds
  8 rats
62 creatures vanquished.

Notes
Turn   | Place    | Note
-------+----------+-------------------------------------------
     0 | D:1      | rrRat the Draconian Berserker began the quest for the Orb.
     0 | D:1      | Reached XP level 1. HP: 19/19 MP: 1/1
   256 | D:1      | Reached XP level 2. HP: 24/26 MP: 2/2
   812 | D:2      | Reached ** piety under Trog
   851 | D:2      | Reached XP level 3. HP: 31/33 MP: 3/3
  1315 | D:2      | Found a runed door.
  1371 | D:2      | Found a blossoming altar of Fedhas.
  1409 | D:2      | Reached skill level 4 in Fighting
  1794 | D:2      | Noticed Crazy Yiuf
  1803 | D:2      | Killed Crazy Yiuf
  1803 | D:2      | Reached skill level 1 in Stealth
  1803 | D:2      | Reached XP level 4. HP: 20/40 MP: 4/4
  1938 | D:3      | Reached skill level 1 in Shields
  1948 | D:3      | Gained mutation: You are agile. (Dex +2) [potion of mutation]
  1948 | D:3      | Gained mutation: Your spells are a little easier to cast, but a little less powerful. [potion of mutation]
  1948 | D:3      | Gained mutation: You have an increased reservoir of magic. (+10% MP) [potion of mutation]
  1995 | D:3      | Found an iron altar of Okawaru.
  2061 | D:3      | Reached XP level 5. HP: 31/46 MP: 5/5
  2065 | D:3      | Reached *** piety under Trog
  2090 | D:3      | HP: 1/47 [orc priest/divine providence (13)]
  2090 | D:3      | Slain by an orc priest

Skill      XL: |  1  2  3  4 |
---------------+-------------+-----
Dodging        | 3 |  3.7
Fighting       | 4 |  4.3
Stealth        | 1 |  1.6
Shields        | 1 |  1.2
Maces & Flails | |  3.9

Action                   |  1- 3 |  4- 6 || total
-------------------------+-------+-------++-------
Melee: Mace              |   114 |    56 ||   170
       Tailslap          |     9 |     8 ||    17
  Use: Scroll            |     5 |     1 ||     6
       Potion            |       |     2 ||     2
  Eat: Chunk             |     3 |       ||     3
       Bread ration      |       |     1 ||     1
Armor: Skin              |    35 |    14 ||    49
Dodge: Dodged            |    83 |    30 ||   113
Block: Shield            |     9 |    24 ||    33
